 Dungeon Crawl Stone Soup version 0.29.1-14-g9c671dbff4 (webtiles) character file.

Game seed: 4866320987334027075

17 KittyFluff the Trooper (level 2, 0/20 HPs)
             Began as a Gargoyle Berserker on Feb 15, 2023.
             Was a Follower of Trog.
             Slain by a jackal (3 damage)
             ... on level 1 of the Dungeon.
             The game lasted 00:02:13 (706 turns).

KittyFluff the Trooper (Gargoyle Berserker)          Turns: 706, Time: 00:02:14

Health: 0/20       AC:  5    Str: 20    XL:     2   Next: 62%
Magic:  2/2        EV: 12    Int:  7    God:    Trog [*.....]
Gold:   56         SH:  0    Dex:  9    Spells: 1/1 levels left

rFire   . . .      SeeInvis .   a - +0 mace
rCold   . . .      Faith    .   (no shield)
rNeg    + . .      Spirit   .   b - +0 animal skin
rPois   ∞          Reflect  .   (no helmet)
rElec   +          Harm     .   (no cloak)
rCorr   .          Rampage  .   (no gloves)
Will    .....                   (no boots)
Stlth   +.........              (no amulet)
HPRegen 0.06/turn               (no ring)
MPRegen 0.08/turn               (no ring)

@: no status effects
A: sickness immunity, AC +2, negative energy resistance 1, electricity
resistance, torment resistance 1, petrification resistance
a: Renounce Religion, Berserk


You were on level 1 of the Dungeon.
You worshipped Trog.
Trog was aware of your devotion.
You visited 1 branch of the dungeon, and saw 1 of its levels.

You collected 56 gold pieces.

Inventory:

Hand Weapons
 a - a +0 mace (weapon)
Missiles
 e - 5 stones (quivered)
Armour
 b - a +0 animal skin (worn)
 h - a +0 chain mail
Scrolls
 c - a scroll of noise {unknown}
 d - a scroll of enchant weapon {unknown}
 f - a scroll of identify {unknown}
 g - a scroll of amnesia {unknown}


   Skills:
 + Level 3.6 Fighting
 + Level 3.3 Maces & Flails
 * Level 2.4 Armour
 + Level 1.7 Dodging


You had one spell level left.
You didn't know any spells.
Your spell library was empty.

Dungeon Overview and Level Annotations

Branches:
Dungeon (1/15)

Altars:


Innate Abilities, Weirdness & Mutations

You are immune to sickness and miasma.
Your stone body is resilient. (AC +2)
You are immune to poison.
You resist negative energy. (rN+)
You are resistant to electric shocks. (rElec)
You are resistant to unholy torment.
You are immune to petrification.


Message History

You closely miss the kobold.
The kobold is heavily wounded.
The hobgoblin hits you but does no damage.
The kobold barely misses you.
You closely miss the kobold.
The kobold is heavily wounded.
The hobgoblin hits you but does no damage.
The kobold hits you with a +0 whip.
You miss the kobold.
The kobold is heavily wounded.
The hobgoblin closely misses you.
The kobold hits you but does no damage. x2
The hobgoblin barely misses you. The hobgoblin attacks as you move away!
The hobgoblin closely misses you.
You hit the hobgoblin but do no damage. The hobgoblin barely misses you.
You closely miss the hobgoblin. The hobgoblin closely misses you.
You closely miss the hobgoblin. The hobgoblin closely misses you.
The jackal barks!
You thump the hobgoblin!
You kill the hobgoblin!
Trog accepts your kill.
The kobold throws a stone.
The stone completely misses you.
The kobold throws a stone.
The stone hits you but does no damage. The kobold hits you with a +0 whip.
You see here a hobgoblin corpse.
You miss the kobold. The kobold hits you with a +0 whip.
You closely miss the kobold. The jackal closely misses you.
The kobold barely misses you.
The jackal bites you but does no damage.
You barely miss the kobold. The jackal barely misses you.
The kobold barely misses you.
You hit the kobold.
The kobold is severely wounded.
The jackal bites you but does no damage.
The kobold hits you with a +0 whip.
* * * LOW HITPOINT WARNING * * *
The jackal barely misses you. The kobold barely misses you.
You hit the kobold but do no damage.
The kobold is severely wounded.
The jackal barely misses you. The jackal bites you.
You die...

#...#.##..#.##.. ##..
#...##.#..##.#. #.#..
#.##....##..=.# ....#
#.#..##.#..##h#.K##.#
#..#.##..#.##..#.##.
#.##....##....##..
#...#.##..#.##..#
#...##.#..##h#..##.#.
#............@K.......
######################


You could see a jackal and a kobold.

Vanquished Creatures
  2 ball pythons (D:1)
  3 endoplasms (D:1)
  3 goblins (D:1)
  2 hobgoblins (D:1)
  2 jackals (D:1)
  A bat (D:1)
  A frilled lizard (D:1)
14 creatures vanquished.

Vanquished Creatures (others)
  5 toadstools (D:1)
5 creatures vanquished.

Grand Total: 19 creatures vanquished

Notes
Turn   | Place    | Note
-------+----------+-------------------------------------------
     0 | D:1      | KittyFluff the Gargoyle Berserker began the quest for the
                  | Orb.
     0 | D:1      | Reached XP level 1. HP: 14/14 MP: 1/1
   201 | D:1      | Reached XP level 2. HP: 15/19 MP: 2/2
   706 | D:1      | Slain by a jackal

Illustrated notes

Levels and vault maps discovered:
D:1:      ldierk_walled_garden, layout_basic, nicolae_eternal_life

Action                   || total
-------------------------++-------
Melee: Mace              ||    45
Armor: Animal skin       ||    13
Dodge: Dodged            ||    40
